 Dungeon Crawl Stone Soup version 0.29-a0-1065-g47a6bb87d6 (webtiles) character file.

Game seed: 11685773349933196135

53818 Zeldest the Devastator (level 15, -19/125 (130) HPs)
             Began as a Meteoran Ice Elementalist on Aug 18, 2022.
             Was a High Priest of Cheibriados.
             Demolished by a pharaoh ant (34 damage)
             ... on level 4 of the Spider Nest.
             The game lasted 01:08:54 (5801 turns).

Zeldest the Devastator (Meteoran Ice Elementalist)  Turns: 5801, Time: 01:08:55

HP:   -19/125 (130) AC: 13    Str: 26    XL:     15   Next: 52%
MP:   30/30         EV: 13    Int: 41    God:    Cheibriados [*****.]
Gold: 1064          SH:  5    Dex: 29    Spells: 10/34 levels left

rFire   . . .      SeeInvis .   a - +8 dagger of Isiutzie {vorpal, rElec rCorr Stlth+}
rCold   + . .      Faith    .   (no shield)
rNeg    . . .      Spirit   .   D - +0 swamp dragon scales
rPois   +          Reflect  +   L - +1 helmet
rElec   +          Harm     .   (no cloak)
rCorr   +          Rampage  .   i - +0 pair of gloves
Will    ++...                   n - +2 pair of boots
Stlth   +.........              e - amulet "Vanyoci" {Reflect Str+5 SH+5}
HPRegen 0.30/turn               t - ring of willpower
MPRegen 0.22/turn               y - ring "Hykki" {Wiz rElec rC+ Int+5}

@: brilliant, on berserk cooldown, slowed, glowing, lightly drained, very slow
A: sense surroundings 2, otherworldly, glowing, explore regen
a: Renounce Religion, Bend Time, Temporal Distortion, Slouch, Step From Time


You were on level 4 of the Spider Nest.
You worshipped Cheibriados.
Cheibriados was extremely pleased with you.
You visited 4 branches of the dungeon, and saw 20 of its levels.
You also visited: Ossuary.

You collected 1064 gold pieces.

Inventory:

Hand Weapons
 a - the +8 dagger of Isiutzie (weapon) {vorpal, rElec rCorr Stlth+}
   (You found it on level 2 of the Dungeon)

   It inflicts extra damage upon your enemies.
   rElec:     It insulates you from electricity.
   rCorr:     It protects you from acid and corrosion.
   Stlth:     It makes you more stealthy.
 b - a +4 vorpal broad axe
Missiles
 g - a throwing net
 H - 3 curare-tipped darts
Armour
 h - a +4 scale mail of fire resistance
 i - a +0 pair of gloves (worn)
 n - a +2 pair of boots (worn)
 D - +0 swamp dragon scales (worn)
 L - a +1 helmet (worn)
Jewellery
 e - the amulet "Vanyoci" (around neck) {Reflect Str+5 SH+5}
   (You found it on level 10 of the Dungeon)

   [amulet of reflection]

   It reflects blocked missile attacks.
   Str:       It affects your strength (+5).
   SH:        It affects your SH (+5).
 f - a +4 ring of evasion
 t - a ring of willpower (left hand)
 y - the ring "Hykki" (right hand) {Wiz rElec rC+ Int+5}
   (You found it on level 5 of the Lair of Beasts)

   [ring of wizardry]

   It improves your spell success rate.
   Int:       It affects your intelligence (+5).
   rC:        It protects you from cold.
   rElec:     It insulates you from electricity.
 E - a ring of poison resistance
 J - a ring of protection from cold
Wands
 k - a wand of flame (23)
 o - a wand of iceblast (4)
 u - a wand of mindburst (5)
 C - a wand of digging (5)
 G - a wand of paralysis (2)
Scrolls
 r - 4 scrolls of teleportation
 s - 3 scrolls of vulnerability
 w - 2 scrolls of fear
 x - 3 scrolls of blinking
 A - 2 scrolls of noise
 B - a scroll of enchant armour
 I - a scroll of brand weapon {unknown}
 K - a scroll of immolation {unknown}
 M - a scroll of butterflies {unknown}
Potions
 d - 8 potions of curing
 l - a potion of resistance
 m - 2 potions of flight
 p - 4 potions of brilliance
 q - a potion of might


   Skills:
 - Level 11.2 Fighting
 - Level 3.9 Axes
 - Level 2.5 Dodging
 - Level 1.4 Stealth
 + Level 10.1 Spellcasting
 - Level 16.2 Conjurations
 + Level 13.3 Summonings
 - Level 7.4 Ice Magic
 + Level 6.2 Earth Magic
 + Level 13.1 Invocations


You had 10 spell levels left.
You knew the following spells:

 Your Spells              Type           Power      Damage    Failure   Level
a - Summon Ice Beast      Ice/Summ       100%       N/A       1%          4
b - Frozen Ramparts       Ice            100%       1d16      1%          3
c - Ozocubu's Armour      Ice            89%        N/A       1%          3
d - Spellforged Servitor  Conj/Summ      59%        N/A       1%          7
f - Orb of Destruction    Conj           62%        9d15      1%          7

Your spell library contained the following spells:

 Spells                   Type           Power      Damage    Failure   Level
 Freeze                   Ice            100%       1d11      1%          1
 Static Discharge         Conj/Air       92%        3-15/arc  1%          2
 Sublimation of Blood     Necr           31%        N/A       1%          2
 Wereblood                Tmut           31%        N/A       1%          2
 Summon Guardian Golem    Hex/Summ       85%        N/A       1%          3
 Hailstorm                Conj/Ice       100%       3d20      1%          4
 Sticky Flame             Conj/Fire      92%        2d10      1%          4
 Ice Form                 Ice/Tmut       67%        N/A       2%          4
 Portal Projectile        Hex/Tloc       62%        N/A       3%          3
 Tukima's Dance           Hex            31%        N/A       3%          3
 Summon Hydra             Summ           57%        N/A       3%          7
 Dispel Undead            Necr           31%        3d14      10%         4
 Blade Hands              Tmut           15%        N/A       26%         5


Dungeon Overview and Level Annotations

Branches:
Dungeon (10/15) Zot: 4362  Temple (1/1) D:7 Zot: 849    Lair (5/5) D:9 Zot: 1627
  Swamp (0/4) Lair:2       Spider (4/4) Lair:3 Zot: 2614   Slime (0/5) Lair:4
    Orc (0/2) D:10        Ossuary (visited)

Altars:
Ashenzari
Cheibriados
Dithmenos
Elyvilon
Fedhas
Gozag
Hepliaklqana
Kikubaaqudgha
Nemelex Xobeh
Qazlal
Ru
Sif Muna
Trog
Uskayaw
Vehumet
Wu Jian
Yredelemnul
Zin
The Shining One
Jiyva


Innate Abilities, Weirdness & Mutations

You passively map the area around you.
You are easily found by Zot.
You glow in the dark.
You regain HP and MP as you explore.


Message History

You strike the helpless steelbarb worm from behind!
You puncture the steelbarb worm!
You kill the steelbarb worm!
Cheibriados thoroughly appreciates the change of pace.
The wall freezes the redback!
Your spellforged servitor conjures an orb of pure magic.
The wall freezes the redback.
The redback barely misses you.
You puncture the redback!
The redback is severely wounded.
The wall freezes the redback.
The redback barely misses you.
You hit the redback.
You kill the redback!
Cheibriados thoroughly appreciates the change of pace.
You rip and tear the barbed spikes from your body.
Your spellforged servitor launches a ball of destructive magic.
Being near the torpor snail leaves you feeling lethargic.
The wall freezes the pharaoh ant!
You barely miss the pharaoh ant.
The pharaoh ant is moderately damaged.
The frozen ramparts melt away.
The wavering orb of destruction hits the radroach!!
The radroach is blown up!
Cheibriados appreciates the change of pace.
The pharaoh ant bites you!
You feel drained.
The redback bites you but does no damage.
A redback comes into view.
The pharaoh ant bites you!!
You feel drained. You block the redback's attack.
You hear a faint skittering sound.
You puncture the pharaoh ant!
The pharaoh ant is heavily damaged.
You are no longer berserk.
You are exhausted.
You feel as though you will be slow longer.
The redback bites you!
* * * LOW HITPOINT WARNING * * *
The pharaoh ant bites you!
* * * LOW HITPOINT WARNING * * *
The redback bites you but does no damage.
The pharaoh ant bites you!!
You die...

#^........#..,, ^
##.^^........^.,,,
.. #^^#.).....#...
, #.
#....^.○.BY...# * ^
* ###~~~9*.^...~^ ^
###!^#°#~s##.#^#.*,
* #^^.^^#^.#^^^^#^~
~,^
#......9#s.#.*s.. ,
.~
.....^.†@B#.^....
^) *
^...#............
.. **
^.^#..#.....^.... ,
,.. *
#.,#..#^.~~~~~s~~~
, .^ ^
,^...^~~~≈≈≈≈≈≈ ~~
~ * .w#.$~~≈≈≈≈≈≈≈≈
, , .#^.~~≈≈≈≈≈###≈
~ , , , , ~~≈≈≈≈###
** ~ , * ^ , , ~ *
~ ~ ,


You could see a torpor snail, a pharaoh ant (ally target), 2 redbacks and a
friendly spellforged servitor (summoned, slow).

Vanquished Creatures
  A spark wasp (Spider:4)
  An entropy weaver (Spider:3)
  2 hydras
  A radroach (Spider:3)
  Urug (Lair:3)
  Sonja (Lair:2)
  A pharaoh ant (Spider:4)
  4 orb spiders
  3 steelbarb worms
  5 wolf spiders
  A moth of wrath (Spider:4)
  4 elephants (Lair:3)
  9 cane toads
  3 rime drakes
  Maggie (D:8)
  4 demonic crawlers
  4 komodo dragons
  A kobold demonologist (D:9)
  5 tarantellas
  9 dream sheep (Lair:4)
  12 blink frogs
  9 jumping spiders
  2 culicivoras
  2 wyverns
  A wraith (D:8)
  28 yaks
  A basilisk (Lair:3)
  14 redbacks
  Eustachio (D:5)
  A vampire mosquito (Lair:5)
  An acid dragon (D:9)
  Duvessa (D:5)
  8 water moccasins
  2 sky beasts
  An ice beast (D:7)
  3 black bears
  3 orc warriors
  An ogre (D:5)
  17 wolves
  3 centaurs
  2 phantoms
  2 kobold brigands (D:8)
  11 bullfrogs
  2 gnoll sergeants
  A scorpion (D:6)
  A necrophage (D:6)
  16 wights
  Dowan (D:5)
  7 killer bees (D:10)
  3 howler monkeys
  An electric eel (D:6)
  4 hounds
  5 orc priests
  A gnoll bouda (D:6)
  4 iguanas
  6 orc wizards
  3 mummies (Ossuary)
  17 gnolls
  4 adders
  2 white imps
  A worm (D:2)
  27 orcs
  An endoplasm (D:1)
  A giant cockroach (D:4)
  A gnoll zombie (Ossuary)
  4 goblins
  5 hobgoblins
  3 jackals (D:2)
  18 kobolds
  4 bats
  4 frilled lizards
  4 goblin zombies (Ossuary)
  4 hobgoblin zombies (Ossuary)
  4 kobold zombies (Ossuary)
  4 quokka zombies (Ossuary)
  A rat zombie (Ossuary)
351 creatures vanquished.

Vanquished Creatures (collateral kills)
  An emperor scorpion (Spider:3)
  2 broodmothers (Spider:3)
  A radroach (Spider:4)
  A goliath frog (Lair:5)
  2 pharaoh ants
  2 orb spiders
  A will-o-the-wisp (Lair:2)
  2 black mambas
  2 elephants (Lair:3)
  A torpor snail (Spider:3)
  6 cane toads
  2 komodo dragons
  A tarantella (Spider:3)
  3 tyrant leeches (Lair:5)
  4 blink frogs (Lair:5)
  3 dream sheep (Lair:4)
  A culicivora (Spider:4)
  5 jumping spiders
  6 yaks (Lair:4)
  A basilisk (Lair:3)
  3 vampire mosquitoes (Lair:5)
  2 redbacks (Spider:3)
  3 water moccasins (Lair:4)
  2 wolves (Lair:3)
  6 bullfrogs
  An electric eel (Lair:5)
64 creatures vanquished.

Vanquished Creatures (others)
  An orb spider (Spider:3)
  A demonic crawler (Spider:4)
  7 foxfires (Lair:2)
  9 fungi
  70 plants
  2 withered plants (Spider:3)
90 creatures vanquished.

Grand Total: 505 creatures vanquished

Notes
Turn   | Place    | Note
-------+----------+-------------------------------------------
     0 | D:1      | Zeldest the Meteoran Ice Elementalist began the quest for
                  | the Orb.
     0 | D:1      | Reached XP level 1. HP: 14/14 MP: 5/5
    78 | D:1      | Found a faded altar of an unknown god.
    88 | D:1      | Reached XP level 2. HP: 11/22 MP: 4/6
    92 | D:1      | Reached skill level 1 in Fighting
   173 | D:2      | Identified the +8 dagger of Isiutzie {vorpal, rElec rCorr
                  | Stlth+}
   182 | D:2      | Reached XP level 3. HP: 18/28 MP: 2/8
   202 | D:2      | Learned a level 3 spell: Frozen Ramparts
   206 | D:2      | Learned a level 3 spell: Ozocubu's Armour
   288 | D:3      | Found a bloodstained altar of Trog.
   307 | D:3      | Found a shadowy altar of Dithmenos.
   342 | D:3      | Found a white marble altar of Elyvilon.
   392 | D:3      | Found a radiant altar of Vehumet.
   403 | D:3      | Reached XP level 4. HP: 36/36 MP: 6/10
   409 | D:3      | Reached skill level 5 in Ice Magic
   605 | D:4      | Found an opulent altar of Gozag.
   605 | D:4      | Found a glowing silver altar of Zin.
   708 | D:4      | Reached XP level 5. HP: 38/42 MP: 4/11
   747 | D:5      | Entered Level 5 of the Dungeon
   760 | D:5      | Noticed a phantom
   770 | D:5      | Killed a phantom
   771 | D:5      | Reached skill level 1 in Conjurations
   771 | D:5      | Reached skill level 1 in Summonings
   771 | D:5      | Reached XP level 6. HP: 47/50 MP: 5/13
   788 | D:5      | Reached skill level 2 in Conjurations
   793 | D:5      | Found a hazy altar of Hepliaklqana.
   799 | D:5      | Found a sparkling altar of Nemelex Xobeh.
   832 | D:5      | Noticed a centaur
   840 | D:5      | Killed a centaur
   902 | D:5      | Noticed Dowan
   903 | D:5      | Noticed an ogre
   903 | D:5      | Noticed Duvessa
   921 | D:5      | Killed Duvessa
   922 | D:5      | Reached skill level 3 in Conjurations
   922 | D:5      | Reached XP level 7. HP: 43/57 MP: 5/15
   924 | D:5      | Killed Dowan
   961 | D:5      | Noticed Eustachio
   995 | D:5      | Killed Eustachio
   996 | D:5      | Reached skill level 5 in Spellcasting
   996 | D:5      | Reached skill level 4 in Conjurations
  1028 | D:5      | Reached XP level 8. HP: 63/64 MP: 10/16
  1239 | D:6      | Reached skill level 5 in Conjurations
  1281 | D:6      | Learned a level 4 spell: Hailstorm
  1331 | D:6      | Reached skill level 6 in Conjurations
  1414 | D:6      | Gained mutation: You passively map the area around you.
                  | [Meteoran growth]
  1414 | D:6      | Reached XP level 9. HP: 39/72 MP: 9/17
  1492 | D:6      | Reached skill level 5 in Fighting
  1492 | D:6      | Reached skill level 7 in Conjurations
  1575 | D:7      | Found a glowing golden altar of the Shining One.
  1605 | D:7      | Found a sacrificial altar of Ru.
  1643 | D:7      | Reached skill level 5 in Summonings
  1778 | D:7      | Found a sand-covered staircase.
  1787 | Ossuary  | Entered an ossuary
  2044 | D:6      | Reached skill level 8 in Conjurations
  2155 | D:7      | Found a staircase to the Ecumenical Temple.
  2167 | Temple   | Entered the Ecumenical Temple
  2188 | Temple   | Became a worshipper of Cheibriados the Contemplative
  2275 | D:7      | Found an ornate altar of the Wu Jian Council.
  2300 | D:8      | Noticed Maggie
  2308 | D:8      | Killed Maggie
  2309 | D:8      | Reached skill level 1 in Invocations
  2309 | D:8      | Reached XP level 10. HP: 58/83 MP: 4/18
  2456 | D:8      | Reached skill level 9 in Conjurations
  2472 | D:8      | Reached * piety under Cheibriados
  2608 | D:8      | Reached skill level 10 in Conjurations
  2664 | D:8      | Found a broken altar of Ashenzari.
  2742 | D:9      | Found a staircase to the Lair.
  2760 | D:9      | Noticed a kobold demonologist
  2775 | D:9      | Killed a kobold demonologist
  2900 | D:9      | Reached ** piety under Cheibriados
  2967 | D:10     | Entered Level 10 of the Dungeon
  2993 | D:10     | Reached skill level 5 in Invocations
  3008 | D:10     | Identified the amulet "Vanyoci" {Reflect Str+5 SH+5}
  3068 | D:10     | Reached XP level 11. HP: 74/92 MP: 14/19
  3070 | D:10     | Reached skill level 11 in Conjurations
  3082 | D:10     | Learned a level 7 spell: Orb of Destruction
  3187 | D:10     | Found a stormy altar of Qazlal.
  3269 | D:10     | Found a staircase to the Orcish Mines.
  3282 | D:10     | Reached *** piety under Cheibriados
  3395 | Lair:1   | Entered Level 1 of the Lair of Beasts
  3431 | Lair:1   | Reached skill level 12 in Conjurations
  3583 | Lair:2   | Found a shimmering blue altar of Sif Muna.
  3595 | Lair:2   | Reached **** piety under Cheibriados
  3596 | Lair:2   | Noticed Sonja
  3612 | Lair:2   | Reached XP level 12. HP: 103/103 MP: 14/20
  3618 | Lair:2   | Killed Sonja
  3655 | Lair:2   | Reached skill level 13 in Conjurations
  3719 | Lair:1   | Noticed a boulder beetle
  3746 | Lair:2   | Noticed a five-headed hydra
  3755 | Lair:2   | Killed a five-headed hydra
  3932 | Lair:2   | Learned a level 4 spell: Summon Ice Beast
  3935 | Lair:2   | Found a staircase to the Swamp.
  4131 | Lair:3   | Reached ***** piety under Cheibriados
  4135 | Lair:3   | Reached skill level 14 in Conjurations
  4135 | Lair:3   | Reached skill level 10 in Summonings
  4166 | Lair:3   | Noticed Urug
  4170 | Lair:3   | Killed Urug
  4175 | Lair:3   | Reached XP level 13. HP: 102/113 MP: 8/21
  4265 | Lair:3   | Reached skill level 10 in Fighting
  4309 | Lair:3   | Found an ornate altar of the Wu Jian Council.
  4476 | Lair:3   | Found a hole to the Spider Nest.
  4509 | Lair:3   | Reached skill level 15 in Conjurations
  4602 | Lair:4   | Reached skill level 10 in Invocations
  4634 | Lair:4   | Learned a level 7 spell: Spellforged Servitor
  4733 | Lair:4   | Noticed a six-headed hydra
  4743 | Lair:4   | Killed a six-headed hydra
  4748 | Lair:4   | Reached ****** piety under Cheibriados
  4893 | Lair:5   | Entered Level 5 of the Lair of Beasts
  4906 | Lair:5   | Reached XP level 14. HP: 122/122 MP: 21/25
  4908 | Lair:5   | Reached skill level 16 in Conjurations
  5025 | Lair:5   | Identified the ring "Hykki" {Wiz rElec rC+ Int+5}
  5118 | Lair:4   | Found a viscous altar of Jiyva.
  5118 | Lair:4   | Found a staircase to the Slime Pits.
  5181 | Spider:1 | Entered Level 1 of the Spider Nest
  5213 | Spider:2 | Reached skill level 1 in Earth Magic
  5226 | Spider:3 | Noticed an emperor scorpion
  5232 | Spider:3 | Reached skill level 1 in Axes
  5235 | Spider:3 | Killed an emperor scorpion
  5236 | Spider:3 | Noticed a broodmother
  5242 | Spider:3 | Killed a broodmother
  5245 | Spider:3 | Noticed a broodmother
  5252 | Spider:3 | Killed a broodmother
  5297 | Spider:4 | Entered Level 4 of the Spider Nest
  5297 | Spider:4 | Noticed a spark wasp
  5299 | Spider:4 | Killed a spark wasp
  5315 | Spider:3 | Noticed an entropy weaver
  5486 | Spider:3 | Reached XP level 15. HP: 106/130 MP: 11/29
  5506 | Spider:3 | HP: 2/130 [steelbarb worm (16)]
  5717 | Spider:3 | Reached skill level 5 in Earth Magic
  5795 | Spider:4 | Reached skill level 10 in Spellcasting
  5801 | Spider:4 | Demolished by a pharaoh ant

Illustrated notes

Levels and vault maps discovered:
D:1:      lightli_arrival_flooded_house, layout_basic,
          hellmonk_ecumenical_altar_pennies_from_heaven
D:2:      layout_loops_ring, serial_bayou_pond_d, minmay_cut_off
D:3:      layout_loops_cross, lemuel_round_altar, mainiacjoe_overflow_boulevard,
          mainiacjoe_overflow_tiny_flanked, nicolae_dithmenos_shadow_blocks,
          grunt_decor_fettered, minmay_quantized
D:4:      layout_basic, grunt_temple_overflow_gold_and_silver,
          kennysheep_okawaru_gauntlet
D:5:      lemuel_ice_spiral_2, layout_basic, amethyst_overflow_temple_binary,
          serial_rivers, chequers_serial_rivers_room_b,
          chequers_serial_rivers_micro_c, chequers_serial_rivers_small_a,
          chequers_serial_rivers_marsh, uniq_duvessa, uniq_eustachio,
          uniq_edmund
D:6:      layout_rooms, serial_bayou_ford_a, nicolae_titane
D:7:      layout_layer_cave, tso_oasis_becter, nicolae_ru_the_path_less_chosen,
          nzn_wu_jian_contemplation, temple_green, enter_ossuary_1
D:8:      layout_basic, lemuel_tele_altar, minmay_misc_feat_nine_boxes,
          uniq_maggie
D:9:      layout_cave_pools, lair_entry_dummy
D:10:     layout_basic, nicolae_qazlal_general_emergency,
          minmay_orc_entry_temple_small, eino_jars
Temple:   nicolae_temple_colour_theory
Lair:1:   layout_hall_layers, chequers_serial_rivers_room_b, lemuel_fruit_fields
Lair:2:   layout_hall_layers, minmay_swamp_entry_wisps, basic_altar, uniq_sonja
Lair:3:   layout_small_grid, dummy_spider_entry, basic_altar, uniq_urug
Lair:4:   layout_hall_layers, slime_entry_1, lemuel_fruit_fields
Lair:5:   minmay_lair_end_frog_pond, layout_cave_pods
Spider:1: nicolae_spider_hilbert_zone_5 [nicolae_spider_hilbert_3_sides_1_open,
          nicolae_spider_hilbert_4_sides_1_open,
          nicolae_spider_hilbert_4_sides_1_open,
          nicolae_spider_hilbert_6_sides_1_open,
          nicolae_spider_hilbert_6_sides_1_open], ebering_ghost_reflecting_pool,
          hangedman_spider_tarantella_strand, uniq_rupert
Spider:2: layout_cave_pods, nicolae_spider_paper_wasps
Spider:3: layout_spider_delve, gammafunk_ghost_cemetery, special_room,
          nicolae_spider_cling_halls
Spider:4: grunt_spider_rune_island, portal_ice_cave_entry_frozen_things,
          hive_lemuel

Skill      XL: |  1  2  3  4  5  6  7  8  9 10 11 12 13 14 15 |
---------------+----------------------------------------------+-----
Spellcasting   | 3 4 5 7 9 10 | 10.1
Fighting       | 1 2 3 4 6 7 8 9 10 11 | 11.2
Ice Magic      | 5 6 7 |  7.4
Conjurations   | 1 3 4 6 8 10 12 14 15 16 | 16.2
Summonings     | 1 2 4 5 7 9 10 11 12 13 | 13.3
Invocations    | 1 5 7 9 10 12 13 | 13.1
Earth Magic    | 4 6 |  6.2
Axes           | 3 |  3.9
Dodging        | |  2.5
Stealth        | |  1.4

Action                   |  1- 3 |  4- 6 |  7- 9 | 10-12 | 13-15 || total
-------------------------+-------+-------+-------+-------+-------++-------
Melee: Unarmed           |     1 |       |       |       |       ||     1
       Dagger            |     8 |    17 |   128 |   189 |   160 ||   502
       Punch             |       |     1 |       |     2 |     6 ||     9
       Broad axe         |       |       |       |       |     2 ||     2
 Cast: Freeze            |    23 |     4 |       |    21 |       ||    48
       Frozen Ramparts   |     4 |     7 |    24 |    41 |    21 ||    97
       Ozocubu's Armour  |     1 |     7 |    14 |    16 |    14 ||    52
       Hailstorm         |       |       |     8 |    14 |     1 ||    23
       Summon Ice Beast  |       |       |       |     2 |    20 ||    22
       Orb of Destructio |       |       |       |     1 |    10 ||    11
       Spellforged Servi |       |       |       |       |    14 ||    14
Invok: Slouch            |       |       |       |     1 |     9 ||    10
       Temporal Distorti |       |       |       |       |     1 ||     1
Evoke: Wand              |       |       |     5 |    12 |    17 ||    34
  Use: Potion            |     1 |     1 |     2 |     1 |     8 ||    13
       Scroll            |       |       |     5 |    12 |    15 ||    32
 Stab: Sleeping          |       |     1 |       |       |     2 ||     3
       Paralysed         |       |       |       |     2 |       ||     2
       Distracted        |       |       |       |       |     4 ||     4
Armor: Robe              |    15 |    12 |     1 |       |       ||    28
       Leather armour    |       |       |    75 |       |       ||    75
       Swamp dragon scal |       |       |       |    99 |   102 ||   201
       Skin              |       |       |       |       |    35 ||    35
Dodge: Dodged            |    27 |    17 |   106 |   170 |   149 ||   469
Block: Other             |       |       |       |    37 |    55 ||    92
       Reflection        |       |       |       |     1 |       ||     1

Table legend: (Time is in decaauts)
 A = Elapsed time spent in this place.
 B = Non-inter-level travel time spent in this place.
 C = Inter-level travel time spent in this place.
 D = Time resting spent in this place.
 E = Time spent auto-exploring this place.
 F = Levels seen in this place.
 G = Mean time per level.
                   A        B        C        D        E       F      G
               +--------+--------+--------+--------+--------+-----+--------+
         Total |   7667 |   7213 |    454 |     63 |      0 |  21 |  365.1 |
       Dungeon |   3626 |   3362 |    264 |      0 |      0 |  10 |  362.6 |
        Temple |     40 |     27 |     13 |      0 |      0 |   1 |   40.0 |
          Lair |   2870 |   2736 |    134 |     63 |      0 |   5 |  574.0 |
   Spider Nest |    983 |    942 |     41 |      0 |      0 |   4 |  245.8 |
       Ossuary |    145 |    145 |      0 |      0 |      0 |   1 |  145.0 |
               +--------+--------+--------+--------+--------+-----+--------+

Top non-repeatable levels by time:
  Lair:3: 781 daAuts
  Lair:4: 651 daAuts
  Lair:2: 632 daAuts
     D:7: 569 daAuts
    D:10: 566 daAuts
  Lair:1: 505 daAuts
     D:5: 485 daAuts
     D:8: 442 daAuts
Spider:2: 420 daAuts
     D:6: 409 daAuts
     D:9: 404 daAuts
  Lair:5: 300 daAuts
Spider:3: 249 daAuts
     D:4: 237 daAuts
Spider:1: 231 daAuts
